 Dungeon Crawl Stone Soup version 0.21-a0-372-gd0ff781 (webtiles) character file.

11 4thArraOfDagon the Insei (level 2, 5/26 HPs)
             Began as a Draconian Monk on Oct 16, 2017.
             Quit the game on level 2 of the Dungeon.
             The game lasted 00:00:50 (227 turns).

4thArraOfDagon the Insei (Draconian Monk)            Turns: 227, Time: 00:00:51

Health: 5/26       AC:  4    Str: 13    XL:     2   Next: 13%
Magic:  2/2        EV: 13    Int: 10    God:
Gold:   37         SH:  0    Dex: 13    Spells: 1/1 levels left

rFire    . . .     SeeInvis .     - Unarmed
rCold    . . .     Gourm    .   (no shield)
rNeg     . . .     Faith    .   (armour unavailable)
rPois    .         Spirit   .   (helmet restricted)
rElec    .         Reflect  .   (no cloak)
rCorr    .         Harm     .   (no gloves)
MR       .....                  (no boots)
Stlth    ++........             (no amulet)
HPRegen  0.08/turn              (no ring)
MPRegen  0.08/turn              (no ring)

@: no status effects
A: unfitting armour, cold-blooded, AC +4
a: no special abilities


You were on level 2 of the Dungeon.
You were not hungry.

You visited 1 branch of the dungeon, and saw 2 of its levels.

You collected 37 gold pieces.

Inventory:

Scrolls
 c - a scroll of remove curse {unknown}
Books
 d - a book of Misfortune

   Spells                             Type                      Level
   a - Confusing Touch                Hexes                        1
   b - Confuse                        Hexes                        3
   c - Gell's Gravitas                Translocation                3
   d - Petrify                        Transmutation/Earth          4
   e - Metabolic Englaciation         Hexes/Ice                    5
   f - Yara's Violent Unravelling     Hexes/Transmutation          5
Comestibles
 a - a bread ration


   Skills:
 - Level 3.2 Fighting
 - Level 2.6 Dodging
 - Level 1.7 Stealth
 * Level 3.6 Unarmed Combat


You had one spell level left.
You didn't know any spells.

Dungeon Overview and Level Annotations

Branches:
Dungeon (2/15)

Altars:

Annotations:
D:2 Robin


Innate Abilities, Weirdness & Mutations

Your plain brown scales are hard. (AC +4)
You cannot fit into any form of body armour.
You are cold-blooded and may be slowed by cold attacks.


Message History

Robin opens the door.
A goblin comes into view. It is wielding a club.
Robin throws the goblin at you! The goblin barely misses you.
A hobgoblin comes into view.
There is an open door here.
It was a potion of cancellation.
You feel magically purged. Robin hits you with a spear.
The goblin hits you with a club.
* * * LOW HITPOINT WARNING * * *
The hobgoblin moves out of view.
Unknown command.
Robin closely misses you.
A hobgoblin comes into view. It is wielding a club.
The goblin unwields an uncursed club.
The goblin wields a glowing hunting sling.
It bursts into flame!
The goblin shoots a sling bullet.
The sling bullet barely misses you. Robin hits you from afar with a spear.
* * * LOW HITPOINT WARNING * * *
Unknown command.
Unknown command.
Are you sure you want to abandon this character and quit the game? (Confirm with "yes".)

########### #.........#
#.........#
####.........################
#............(...)..........#
#.##.........##############.#
#.##......g.@........#..#...#
#.......g....#######.#..#[###
####.....g...# #..<..#.#
####.#'#########..####.#
#†#g................#
#g###################
#.).....((.....ggg
##################


You could see Robin, 2 hobgoblins and a goblin.

Vanquished Creatures
  An adder zombie (D:2)
  2 bats (D:2)
  3 goblins (D:2)
  A frilled lizard (D:2)
7 creatures vanquished.

Notes
Turn   | Place    | Note
-------+----------+-------------------------------------------
     0 | D:1      | 4thArraOfDagon the Draconian Monk began the quest for the Orb.
     0 | D:1      | Reached XP level 1. HP: 19/19 MP: 1/1
   187 | D:2      | Reached XP level 2. HP: 24/26 MP: 2/2
   213 | D:2      | Noticed Robin
   227 | D:2      | Quit the game

Vault maps used:
D:1:      dpeg_arrival_stone_temple_mockup
D:2:      cheibrodos_fertilizer, dancing_weapons_uskayaw,
          fedhas_altar_fruit_tree, chequers_ecumenical_altar_simple_redux,
          st_stairs_12, nemelex_lonely_heart_becter, uniq_robin, uniq_terence

Action                   || total
-------------------------++-------
Melee: Unarmed           ||    26
       Tailslap          ||     1
  Use: Potion            ||     1
 Stab: Sleeping          ||     1
Armor: Skin              ||     6
Dodge: Dodged            ||    20

Table legend:
 A = Spawn XP
 B = Non-spawn XP
 C = Spawn XP percentage of total XP
 D = Spawn monster count
 E = Non-spawn monster count
 F = Spawn count percentage of total count
 G = Total turns spent on level
                    A         B        C        D         E        F      G
               +---------+---------+-------+---------+---------+-------+---------
         Total |       0 |      16 |   0.0 |       0 |       7 |   0.0 |   227
               +---------+---------+-------+---------+---------+-------+---------
           D:2 |       0 |      16 |   0.0 |       0 |       7 |   0.0 |   169
               +---------+---------+-------+---------+---------+-------+---------
